 Dungeon Crawl Stone Soup version 0.21-a0-552-g593960d (webtiles) character file.

53 Atlas the Chiller (level 3, -2/24 HPs)
             Began as a Demonspawn Ice Elementalist on Dec 17, 2017.
             Slain by an orc wizard
             ... wielding a +4 dagger of venom
              (5 damage)
             ... on level 3 of the Dungeon.
             The game lasted 00:04:32 (1897 turns).

Atlas the Chiller (Demonspawn Ice Elementalist)     Turns: 1897, Time: 00:04:33

Health: -2/24      AC:  3    Str:  6 (8)  XL:     3   Next: 62%
Magic:  1/7        EV: 11    Int: 14 (17) God:
Gold:   43         SH:  0    Dex: 10 (13) Spells: 1/7 levels left

rFire    + . .     SeeInvis .   i - +1 rapier (distort)
rCold    + + .     Gourm    .   (no shield)
rNeg     . . .     Faith    .   h - +0 leather armour
rPois    +         Spirit   .   (helmet restricted)
rElec    +         Reflect  .   (no cloak)
rCorr    +         Harm     .   (no gloves)
MR       .....                  (no boots)
Stlth    +.........             (no amulet)
HPRegen  0.08/turn              n - ring of protection from cold
MPRegen  0.10/turn              (no ring)

@: lethally poisoned (-2 -> -21), resistant, very slightly contaminated
A: horns 1
a: no special abilities


You were on level 3 of the Dungeon.
You were hungry.

You visited 1 branch of the dungeon, and saw 3 of its levels.

You collected 43 gold pieces.

Inventory:

Hand Weapons
 i - a +1 rapier of distortion (weapon)
Armour
 h - a +0 leather armour (worn)
Jewellery
 n - a ring of protection from cold (left hand)
Scrolls
 e - a scroll of teleportation
 g - 2 scrolls of remove curse
 m - a scroll of noise {unknown}
Potions
 d - a potion of flight {unknown}
 f - a potion of magic {unknown}
 l - a potion of resistance
 p - a potion of curing {unknown}
Books
 b - a book of Frost

   Spells                             Type                      Level
   a - Freeze                         Ice                          1
   b - Throw Frost                    Conjuration/Ice              2
   c - Ozocubu's Armour               Charms/Ice                   3
   d - Throw Icicle                   Conjuration/Ice              4
   e - Summon Ice Beast               Ice/Summoning                4
Comestibles
 c - a bread ration


   Skills:
 + Level 0.1 Armour
 + Level 1.9 Dodging
 - Level 1.8 Stealth
 + Level 2.8 Spellcasting
 + Level 1.0 Conjurations
 + Level 3.5 Ice Magic


You had one spell level left.
You knew the following spells:

 Your Spells              Type           Power        Failure   Level  Hunger
a - Freeze                Ice            ##..         8%          1    #......
b - Throw Frost           Conj/Ice       #.....       21%         2    ###....
c - Ozocubu's Armour      Chrm/Ice       #.......     45%         3    ###....


Dungeon Overview and Level Annotations

Branches:
Dungeon (3/15)

Altars:
Gozag


Innate Abilities, Weirdness & Mutations

You have a pair of small horns on your head.


Message History

The magic dart hits you!
Casting: Ozocubu's Armour
Confirm with . or Enter, or press ? or * to list all spells.
You miscast Ozocubu's Armour.
You shiver with cold.
You feel sick.
You hear some strange, mumbled words.
A puff of flame appears from out of thin air!
The puff of flame hits you!
* * * LOW HITPOINT WARNING * * *
The rat completely misses you.
It was a potion of degeneration.
There was something very wrong with that liquid.
You feel weakened.
You feel dopey.
You feel clumsy.
* * * LOW HITPOINT WARNING * * *
You feel sick. Something hits you but does no damage.
You are more poisoned.
It was a potion of resistance.
You feel protected.
* * * LOW HITPOINT WARNING * * *
You feel sick. Something hits you.
You die...

****##**** *,,≈≈#≈≈≈* #
*,≈≈≈#≈∩≈* ####
######.≈≈≈#≈≈≈* ...#
#@rrwr..≈≈#++** ##.# #######
#{####..≈S≈≈≈≈*
##.####.#...####.####,...≈≈≈,*
....................#,,...S≈≈*
##.##....{..###..##.#,,,...,,*
...###...#####...#,,..*,*##***
#### ##.## *#......,,...* #.#
#........,,##* #?#
##.........*


You could see a worm, a river rat and 2 rats.

Vanquished Creatures
  An adder (D:2)
  An ooze (D:3)
  2 worms
  3 bats
  A giant cockroach (D:1)
  3 goblins (D:1)
  7 hobgoblins
  3 jackals (D:2)
  A quokka (D:2)
  2 frilled lizards
  2 kobolds (D:1)
  7 rats
33 creatures vanquished.

Notes
Turn   | Place    | Note
-------+----------+-------------------------------------------
     0 | D:1      | Atlas the Demonspawn Ice Elementalist began the quest for the Orb.
     0 | D:1      | Reached XP level 1. HP: 13/13 MP: 3/3
   115 | D:1      | Reached skill level 3 in Ice Magic
   119 | D:1      | Gained mutation: You have a pair of small horns on your head. [demonic ancestry]
   119 | D:1      | Reached XP level 2. HP: 19/19 MP: 0/5
  1164 | D:2      | Reached XP level 3. HP: 18/24 MP: 1/6
  1217 | D:2      | Learned a level 2 spell: Throw Frost
  1221 | D:2      | Learned a level 3 spell: Ozocubu's Armour
  1549 | D:2      | Found an opulent altar of Gozag.
  1897 | D:3      | Slain by an orc wizard

Vault maps used:
D:1:      dpeg_arrival_ternary
D:2:      amethyst_killhole, grunt_gozag_statues
D:3:      portal_sewer_entry_e

Skill      XL: |  1 |
---------------+----+-----
Ice Magic      | 3 |  3.5
Armour         | |  0.1
Dodging        | |  1.9
Stealth        | |  1.8
Spellcasting   | |  2.8
Conjurations   | |  1.0

Action                   || total
-------------------------++-------
Melee: Unarmed           ||     6
       Rapier            ||    15
       Headbutt          ||     1
 Cast: Freeze            ||    46
       Ozocubu's Armour  ||     1
  Use: Scroll            ||     4
       Potion            ||     2
 Stab: Sleeping          ||     2
  Eat: Chunk             ||     3
Armor: Leather armour    ||    14
Dodge: Dodged            ||    28

Table legend:
 A = Spawn XP
 B = Non-spawn XP
 C = Spawn XP percentage of total XP
 D = Spawn monster count
 E = Non-spawn monster count
 F = Spawn count percentage of total count
 G = Total turns spent on level
                    A         B        C        D         E        F      G
               +---------+---------+-------+---------+---------+-------+---------
         Total |       0 |      76 |   0.0 |       0 |      33 |   0.0 |  1897
               +---------+---------+-------+---------+---------+-------+---------
           D:1 |       0 |      23 |   0.0 |       0 |      14 |   0.0 |   955
           D:2 |       0 |      38 |   0.0 |       0 |      15 |   0.0 |   643
           D:3 |       0 |      15 |   0.0 |       0 |       4 |   0.0 |   299
               +---------+---------+-------+---------+---------+-------+---------
